 Dungeon Crawl Stone Soup version 0.28-a0-938-gbc3f381ebc (webtiles) character file.

Game seed: 9843542590301132952

81 croobank the Chopper (level 4, -8/35 HPs)
             Began as a Human Monk on Nov 28, 2021.
             Killed by divine providence
             ... invoked by an orc priest
              (12 damage)
             ... on level 3 of the Dungeon.
             The game lasted 00:16:05 (3261 turns).

croobank the Chopper (Human Monk)                   Turns: 3261, Time: 00:16:06

Health: -8/35      AC:  6    Str: 12    XL:     4   Next: 68%
Magic:  4/4        EV: 26    Int: 10    God:
Gold:   90         SH:  0    Dex: 16    Spells: 3/3 levels left

rFire   + . .      SeeInvis .   b - +0 hunting sling
rCold   + . .      Faith    .   (no shield)
rNeg    . . .      Spirit   .   y - +0 ring mail
rPois   +          Reflect  .   (no helmet)
rElec   +          Harm     .   (no cloak)
rCorr   +          Rampage  .   (no gloves)
Will    .....                   z - +0 pair of boots
Stlth   +.........              f - amulet of the acrobat
HPRegen 0.11/turn               (no ring)
MPRegen 0.09/turn               (no ring)

@: resistant, acrobatic
A: no striking features
a: no special abilities


You were on level 3 of the Dungeon.
You visited 1 branch of the dungeon, and saw 3 of its levels.

You collected 194 gold pieces.
You spent 104 gold pieces at shops.

Inventory:

Hand Weapons
 a - a +0 hand axe
 b - a +0 hunting sling (weapon)
 d - a +0 short sword
 e - a +0 dagger
 l - a +0 broad axe
 q - a +0 morningstar of protection
Missiles
 c - 30 sling bullets (quivered)
 j - 85 stones (quivered ammo)
 n - 18 poisoned darts
Armour
 h - a +0 robe
 o - a +0 chain mail
 p - a +0 kite shield
 y - a +0 ring mail (worn)
 z - a +0 pair of boots (worn)
Jewellery
 f - an amulet of the acrobat (around neck)
 r - an amulet of faith
Wands
 m - a wand of flame (19)
Potions
 g - 3 potions of flight
 k - a potion of ambrosia
 u - a potion of brilliance


   Skills:
 - Level 3.3 Fighting
 + Level 4.6 Axes
 - Level 3.2 Dodging
 - Level 2.1 Stealth


You had 3 spell levels left.
You didn't know any spells.
Your spell library contained the following spells:

 Spells                   Type           Power      Damage    Failure   Level
 Passwall                 Tmut/Erth      0%         N/A       78%         2
 Gell's Gravitas          Tloc           0%         N/A       95%         3
 Swiftness                Air            0%         N/A       95%         3
 Teleport Other           Tloc           0%         N/A       95%         3
 Dispersal                Tloc           0%         N/A       100%        6


Dungeon Overview and Level Annotations

Branches:
Dungeon (3/15)

Altars:

Shops:
D:2 !

Annotations:
D:3 1 transporter, Grinder


Message History

The shadow imp is heavily wounded.
Fire: 35 sling bullets
Press: ? - help, Q - select action, (/) - cycle Shift-Dir - straight line, f/p - shadow imp
Aim: a shadow imp (heavily wounded, 57% to hit)
You shoot a sling bullet.
The sling bullet barely misses the shadow imp.
The orc priest invokes the aid of Beogh against you.
You barely resist.
Fire: 34 sling bullets
Press: ? - help, Q - select action, (/) - cycle Shift-Dir - straight line, f/p - shadow imp
Aim: a shadow imp (heavily wounded, 57% to hit)
You shoot a sling bullet. The sling bullet hits the shadow imp.
The shadow imp is severely wounded.
The orc priest calls down the wrath of Beogh upon you.
Beogh smites you!
Fire: 33 sling bullets
Press: ? - help, Q - select action, (/) - cycle Shift-Dir - straight line, f/p - shadow imp
Aim: a shadow imp (severely wounded, 57% to hit)
You shoot a sling bullet. The sling bullet hits the shadow imp!
You kill the shadow imp!
The orc priest invokes the aid of Beogh against you.
Pain shoots through your body!
The shadow imp sputters.
Fire: 32 sling bullets
Press: ? - help, Q - select action, (/) - cycle Shift-Dir - straight line, f - orc priest
Aim: an orc priest, wielding a +0 dagger (60% to hit)
You shoot a sling bullet.
The sling bullet hits the orc priest but does no damage.
The shadow imp summons a swarm of flies.
Fire: 31 sling bullets
Press: ? - help, Q - select action, (/) - cycle Shift-Dir - straight line, f/p - orc priest
Aim: an orc priest, wielding a +0 dagger (60% to hit)
You shoot a sling bullet. The sling bullet hits the orc priest.
The orc priest is moderately wounded.
The orc priest mumbles some strange prayers to Beogh against you.
Beogh smites you!
* * * LOW HITPOINT WARNING * * *
The orc priest mumbles some strange prayers to Beogh against you.
Beogh smites you!
You die...

######### #.......#
#.......# #.......####
#####..........##
#.....©.....##..#
#.#########.###.##
#.#8P.©.P8#.# #..#
#.#P..@..P#.# ##.#
#.####'####.# #.#
#.#(≈...≈o#.# #.####..
#.#(≈...≈5#.# #......#
#.#.≈≈≈≈≈o#.####..#####
#.#.≈≈⌠P≈.#.##....#
#.#.≈≈≈≈≈.#....##.#
#.#.≈...≈.#.#####.#
#.#.≈...≈.#.# #.. .#


You could see 2 orc priests and a shadow imp.

Vanquished Creatures
  An adder (D:3)
  2 shadow imps (D:3)
  3 dart slugs
  3 orcs (D:3)
  3 ball pythons (D:1)
  5 endoplasms
  2 giant cockroaches (D:3)
  5 goblins
  4 hobgoblins
  2 jackals (D:1)
  4 kobolds
  2 quokkas (D:2)
  6 bats
  2 rats (D:2)
44 creatures vanquished.

Vanquished Creatures (others)
  7 fungi (D:2)
  4 toadstools (D:2)
11 creatures vanquished.

Grand Total: 55 creatures vanquished

Notes
Turn   | Place    | Note
-------+----------+-------------------------------------------
     0 | D:1      | croobank the Human Monk began the quest for the Orb.
     0 | D:1      | Reached XP level 1. HP: 18/18 MP: 1/1
   367 | D:1      | Reached XP level 2. HP: 24/24 MP: 2/2
  1094 | D:2      | Reached XP level 3. HP: 29/29 MP: 3/3
  1433 | D:2      | Found Diqaujuy's Distillery.
  1437 | D:2      | Bought a potion of flight for 39 gold pieces
  1437 | D:2      | Bought a potion of heal wounds for 65 gold pieces
  2352 | D:3      | Noticed Grinder
  2460 | D:3      | Reached skill level 4 in Axes
  2490 | D:3      | Reached XP level 4. HP: 35/35 MP: 4/4
  2813 | D:3      | Found a transporter.
  2845 | D:3      | Found a transporter.
  3261 | D:3      | Killed from afar by an orc priest

Illustrated notes

Levels and vault maps discovered:
D:1:      psy_arrival_conway, layout_basic, serial_co_window_serial,
          co_window_of_opportunity_a, co_window_of_opportunity_a,
          co_window_corner_a, co_window_corner_a, co_window_corner_a,
          co_window_of_opportunity_a, co_window_paths_a, co_window_corner_cb,
          co_window_corner_ca, co_window_corner_cb, co_window_corner_cb,
          co_window_2corner, co_window_of_opportunity_c, co_window_broadway_b,
          co_window_4corner_b, glass_columns_c, glass_columns_a,
          glass_columns_c, glass_columns_a, glass_columns_b
D:2:      layout_basic, serial_shops, shop, dk_noncrumbling_2,
          minmay_misc_feat_chi, minmay_gold_behind_fungi, roderic_lattice_a
D:3:      gammafunk_wand_slinger, layout_rooms, uniq_grinder,
          uniq_crazy_yiuf_cottage

Skill      XL: |  1  2  3 |
---------------+----------+-----
Axes           | 4 |  4.6
Fighting       | |  3.3
Dodging        | |  3.2
Stealth        | |  2.1

Action                   |  1- 3 |  4- 6 || total
-------------------------+-------+-------++-------
Melee: Hand axe          |   113 |    34 ||   147
 Fire: Hunting sling     |     3 |    14 ||    17
  Use: Scroll            |     3 |     4 ||     7
       Potion            |     1 |     3 ||     4
 Stab: Sleeping          |     3 |       ||     3
Armor: Robe              |     5 |     7 ||    12
       Ring mail         |       |     2 ||     2
Dodge: Dodged            |    71 |    21 ||    92

Table legend: (Time is in decaauts)
 A = Elapsed time spent in this place.
 B = Non-inter-level travel time spent in this place.
 C = Inter-level travel time spent in this place.
 D = Time resting spent in this place.
 E = Time spent auto-exploring this place.
 F = Levels seen in this place.
 G = Mean time per level.
                   A        B        C        D        E       F      G
               +--------+--------+--------+--------+--------+-----+--------+
         Total |   3260 |   3247 |     13 |    876 |   1527 |   3 | 1086.7 |
       Dungeon |   3260 |   3247 |     13 |    876 |   1527 |   3 | 1086.7 |
               +--------+--------+--------+--------+--------+-----+--------+

Top non-repeatable levels by time:
     D:2: 1159 daAuts
     D:1: 1088 daAuts
     D:3: 1013 daAuts
